 Dungeon Crawl Stone Soup version 0.20.1-1-g8b1a95d (webtiles) character file.

86 Romulous the Covered (level 4, 40/40 HPs)
             Began as a Minotaur Fighter on Oct 25, 2017.
             Got out of the dungeon alive.
             The game lasted 00:07:30 (1218 turns).

Romulous the Covered (Minotaur Fighter)             Turns: 1218, Time: 00:07:30

Health: 40/40      AC:  7    Str: 22    XL:     4   Next: 27%
Magic:  12/12      EV:  7    Int:  5    God:
Gold:   118        SH:  9    Dex:  9    Spells: 3/3 levels left

rFire    x . .     SeeInvis .   a - +0 war axe
rCold    + . .     Gourm    .   c - +0 shield
rNeg     . . .     Faith    .   b - +0 scale mail
rPois    .         Spirit   .   (helmet restricted)
rElec    .         Reflect  .   (no cloak)
rCorr    .         Harm     .   (no gloves)
MR       .....                  (no boots)
Stlth    ..........             r - amulet of magic regeneration
Regen    0.2/turn               l - ring of magical power
MPRegen  0.2/turn               p - ring of ice

@: no status effects
A: retaliatory headbutt, horns 2
a: no special abilities


You escaped.
You were very hungry.

You visited 1 branch of the dungeon, and saw 2 of its levels.

You collected 118 gold pieces.

Inventory:

Hand Weapons
 a - a +0 war axe (weapon)
 n - a +2 spear of freezing
Armour
 b - a +0 scale mail (worn)
 c - a +0 shield (worn)
Jewellery
 l - a ring of magical power (left hand)
 p - a ring of ice (right hand)
 q - an uncursed amulet of rage
 r - an amulet of magic regeneration (around neck)
Scrolls
 i - a scroll of amnesia {unknown}
 j - a scroll of noise {unknown}
 k - a scroll of magic mapping {unknown}
 m - a scroll of identify {unknown}
 o - a scroll of enchant weapon {unknown}
 t - a scroll of teleportation {unknown}
 w - 2 scrolls of random uselessness {unknown}
Potions
 d - a potion of might
 e - a potion of curing {unknown}
 u - a potion of cancellation {unknown}
 v - a potion of haste {unknown}
Comestibles
 f - 2 bread rations
 g - 3 royal jellies
 h - 3 meat rations
 s - a fruit


   Skills:
 + Level 4.1 Fighting
 + Level 3.4 Axes
 + Level 4.6 Armour
 + Level 4.4 Shields


You had 3 spell levels left.
You didn't know any spells.

Dungeon Overview and Level Annotations

Branches:
Dungeon (2/15)

Altars:


Innate Abilities, Weirdness & Mutations

You reflexively headbutt those who attack you in melee.
You have a pair of horns on your head.


Message History

You see here 21 stones.
There is a shaft here.
Done exploring.
You see here a stone.
There is an open door here.
The naga shouts!
There is an open door here.
The felid hisses angrily.
The kobold shouts!
The ogre shouts!
The draconian roars!
The human shouts!
You are feeling very hungry.
The orc shouts!
The ogre shouts!
The human shouts!
The minotaur bellows!
There is a staircase leading out of the dungeon here.
You can't go down here!
Are you sure you want to leave the Dungeon?
This will make you lose the game!
You have escaped!

#.#..#.#.#.#...
#.####.#......#
#......#......#
###########...#
################
#H#9#p#n#^#####
############^#9##
##[.........#####d
#@..............##
##......#######...
########O#o#9####
#^#n#^#######p#n
####### ####


You could see a minotaur.

Vanquished Creatures
  3 gnolls (D:2)
  An adder (D:2)
  2 oozes
  A dart slug (D:1)
  8 bats
  A giant cockroach (D:1)
  4 goblins
  3 hobgoblins
  6 jackals (D:1)
  6 kobolds
  3 rats
38 creatures vanquished.

Notes
Turn   | Place    | Note
-------+----------+-------------------------------------------
     0 | D:1      | Romulous the Minotaur Fighter began the quest for the Orb.
     0 | D:1      | Reached XP level 1. HP: 19/19 MP: 0/0
     0 | D:1      | Noticed a minotaur
     1 | D:1      | Noticed a gargoyle
     1 | D:1      | Noticed a ghoul
     3 | D:1      | Noticed a human
     6 | D:1      | Noticed a ghoul
     8 | D:1      | Noticed an ogre
    12 | D:1      | Noticed a gargoyle
    14 | D:1      | Noticed a gargoyle
    14 | D:1      | Noticed a human
    15 | D:1      | Noticed a ghoul
    16 | D:1      | Noticed a draconian
    16 | D:1      | Noticed a felid
    18 | D:1      | Noticed an ogre
    20 | D:1      | Noticed a naga
    62 | D:1      | Reached XP level 2. HP: 27/27 MP: 1/1
   318 | D:1      | Reached XP level 3. HP: 33/33 MP: 2/2
   334 | D:1      | You fall through a shaft!
   793 | D:2      | Reached XP level 4. HP: 40/40 MP: 3/3
  1218 | D:$      | Got out of the dungeon alive.

Skill      XL: |  1  2  3 |
---------------+----------+-----
Armour         | 4 |  4.6
Shields        | 4 |  4.4
Fighting       | 4 |  4.1
Axes           | 3 |  3.4

Action                   |  1- 3 |  4- 6 || total
-------------------------+-------+-------++-------
Melee: War axe           |    66 |     9 ||    75
       Headbutt          |    12 |       ||    12
Armor: Scale mail        |    38 |     2 ||    40
Dodge: Dodged            |    24 |     4 ||    28
Block: Shield            |    38 |     5 ||    43
